 Dungeon Crawl Stone Soup version 0.21.0-3-g78d12a8 (webtiles) character file.

64005 mortelune the Severer (level 14, -14/135 HPs)
             Began as a Deep Dwarf Fighter on Jan 6, 2018.
             Was the Champion of Makhleb.
             Killed from afar by a frost giant (52 damage)
             ... with a bolt of cold
             ... on level 12 of the Dungeon on Jan 10, 2018.
             The game lasted 02:07:43 (18870 turns).

mortelune the Severer (Deep Dwarf Fighter)         Turns: 18870, Time: 02:07:44

Health: -14/135    AC: 21    Str: 24    XL:     14   Next: 70%
Magic:  14/14      EV: 10    Int:  9    God:    Makhleb [******]
Gold:   582        SH:  3    Dex: 18    Spells: 9/13 levels left

rFire    + + .     SeeInvis .   a - +3 battleaxe (chaos)
rCold    x . .     Gourm    .   (shield currently unavailable)
rNeg     + . .     Faith    .   e - +0 fire dragon scales
rPois    +         Spirit   .   (no helmet)
rElec    .         Reflect  +   B - +2 cloak {rPois}
rCorr    .         Harm     .   y - +0 pair of gloves
MR       ++...                  k - +2 pair of boots
Stlth    +.........             p - +3 amulet of reflection
HPRegen  0.00/turn              R - +5 ring of dexterity
MPRegen  0.14/turn              q - ring of stealth

@: very slightly contaminated, non-regenerating
A: damage resistance, heal wounds, negative energy resistance 1, sense
surroundings 2, no regeneration
a: Heal Wounds, Minor Destruction, Lesser Servant of Makhleb, Major Destruction,
Greater Servant of Makhleb, Renounce Religion


You were on level 12 of the Dungeon.
You worshipped Makhleb.
Makhleb was exalted by your worship.
You were hungry.

You visited 3 branches of the dungeon, and saw 20 of its levels.
You also visited: Ice Cave.

You collected 1392 gold pieces.
You spent 810 gold pieces at shops.

Inventory:

Hand Weapons
 a - a +3 battleaxe of chaos (weapon)
 b - a +6 hand crossbow
 w - a +1 battleaxe of freezing
 G - a +3 antimagic flail
 X - a +0 battleaxe
Missiles
 m - 51 bolts
 W - a throwing net (quivered)
Armour
 e - +0 fire dragon scales (worn)
 k - a +2 pair of boots (worn)
 y - a +0 pair of gloves (worn)
 B - a +2 cloak of poison resistance (worn)
 D - the +0 swamp dragon scales "Niext" {rPois rF+ rC+}
   (You found it in an ice cave)

   It protects you from fire.
   It protects you from cold.
   It protects you from poison.
 M - the +1 ring mail "Nimmaame" {SInv}
   (You found it on level 1 of the Lair of Beasts)

   It lets you see invisible.
Jewellery
 p - a +3 amulet of reflection (around neck)
 q - a ring of stealth (right hand)
 N - an uncursed ring of protection from cold
 R - a +5 ring of dexterity (left hand)
Wands
 c - a wand of polymorph (9)
 l - a wand of clouds (5)
 s - a wand of flame (140)
 H - a wand of enslavement (9)
 P - a wand of paralysis (19)
 S - a wand of acid (19)
 V - a wand of iceblast (16)
 Y - a wand of digging (10)
Scrolls
 g - 7 scrolls of amnesia
 h - 13 scrolls of remove curse
 n - 3 scrolls of fear
 r - 2 scrolls of enchant weapon
 u - 3 scrolls of teleportation
 x - 2 scrolls of enchant armour
 A - 2 scrolls of fog
 K - a scroll of vulnerability {unknown}
 O - 2 scrolls of blinking
 T - a scroll of torment {unknown}
 Z - a scroll of immolation
Potions
 d - 7 potions of curing
 j - 4 potions of lignification
 t - 2 potions of magic
 v - 2 potions of agility
 z - 4 potions of mutation
 C - a potion of brilliance
 F - 2 potions of resistance
 L - a potion of cancellation
 U - 2 potions of haste
Miscellaneous
 J - a fan of gales (inert)
Comestibles
 f - 43 rations


   Skills:
 + Level 11.3 Fighting
 * Level 16.9 Axes
 + Level 13.2 Armour
   Level 3.5 Shields
 + Level 12.9 Invocations
 + Level 8.5 Evocations


You had 9 spell levels left.
You knew the following spells:

 Your Spells              Type           Power        Failure   Level  Hunger
a - Blink                 Tloc           N/A          80%         2    ###....
b - Apportation           Tloc           #.....       65%         1    ##.....
c - Summon Butterflies    Summ           #.......     65%         1    ##.....


Dungeon Overview and Level Annotations

Branches:
Dungeon (13/15)            Temple (1/1) D:4            Lair (6/6) D:10
  Swamp (0/4) Lair:3        Snake (0/4) Lair:3        Slime (0/5) Lair:6
    Orc (0/2) D:12
 Vaults: D:13-14

Altars:
Dithmenos
Gozag
Kikubaaqudgha
Makhleb
Nemelex Xobeh
Okawaru
Qazlal
Uskayaw
Xom
Yredelemnul
Zin
Beogh
Jiyva

Shops:
D:9 :   D:10 *

Annotations:
D:2 exclusion: downstairs
D:3 2 exclusions, Sigmund
D:8 exclusion: downstairs
D:11 exclusion: downstairs
Lair:4 corr?truc a chercher, exclusion: 2 oklob plants


Innate Abilities, Weirdness & Mutations

You are resistant to damage.
You can heal yourself by infusing magical energy.
You resist negative energy. (rN+)
You passively map the area around you.
You do not regenerate.


Message History

Evoke which item? (* to show all) (? for menu, Esc to quit)
Aiming: Iceblast
Press: ? - help, Shift-Dir - straight line, p - deep elf mage The mass of ice explodes!
The iceblast engulfs the purple ugly thing.
The purple ugly thing is moderately wounded.
The frost giant points at you and mumbles some strange words.
The bolt of cold hits you!
You feel a terrible chill!
A demon appears!
The deep elf mage gestures wildly while chanting.
The deep elf mage blinks!
Evoke which item? (* to show all) (? for menu, Esc to quit)
Aiming: Paralyse
Press: ? - help, Shift-Dir - straight line, f - frost giant
Aim: a frost giant, wielding a battleaxe of freezing (chance to defeat MR: 20%)
The frost giant resists with almost no effort.
The frost giant casts a spell at you. The bolt of cold hits your hellwing.
The bolt of cold hits you!
You feel a terrible chill!
You die...

* ###.....## #........#####* ##
*###.............## ** * ####.
................. ,, #...#*
#.............##* * * #...# #.
*#............... ### , #...# .
##.............# .#...
#...####.##.<..u@.......# .....,
#......#.##....a........##...#
#...##.............|....#..# * ,
....##.###.....)4.........####..
......÷.........C..............
....#.#....................####*
##.##.##..##...............#
#.#..##..#####>.....§.....#
#...###..# #....##.......#


You could see a frost giant, a purple ugly thing, a friendly hellwing and a
friendly soldier ant.

Vanquished Creatures
  A frost giant (IceCv)
  4 hydras (Lair:4)
  Harold (Lair:1)
  A catoblepas (Lair:4)
  3 death yaks
  A centaur warrior (D:12)
  2 two-headed ogres
  A sea snake (Lair:6)
  A flayed ghost (D:9)
  An orc knight (D:12)
  A harpy (Lair:6)
  2 cyclopes
  15 elephants
  An ice statue (IceCv)
  A black mamba (Lair:2)
  A centaur zombie (D:11)
  Joseph (Lair:1)
  A torpor snail (Lair:5)
  11 spiny frogs
  5 rime drakes
  A gargoyle (D:12)
  12 komodo dragons
  3 trolls
  14 polar bears
  3 dream sheep (Lair:6)
  2 hornets (Lair:6)
  5 hippogriffs
  6 blink frogs
  A slime creature (D:11)
  5 wyverns
  12 spriggans (Lair:1)
  A wraith (D:13)
  35 yaks
  4 basilisks
  A hungry ghost (D:11)
  3 vampire mosquitoes (D:11)
  3 nagas (Lair:3)
  Edmund (D:6)
  18 water moccasins
  8 porcupines
  7 sky beasts
  4 ice beasts
  2 eyes of draining
  6 orc warriors
  2 black bears
  9 ogres
  22 wolves
  8 centaurs
  15 crocodiles
  Blork the orc (D:4)
  13 bullfrogs
  3 big kobolds
  2 wyvern zombies (D:7)
  7 scorpions
  45 killer bees
  8 wights
  3 howler monkeys
  17 electric eels
  10 crimson imps
  3 quasits
  9 hounds
  6 orc priests
  12 jellies
  2 bullfrog skeletons
  4 centaur skeletons
  3 iguanas
  6 worker ants
  13 orc wizards
  A killer bee zombie (D:8)
  A hound skeleton (D:7)
  A hound zombie (D:7)
  6 gnolls
  A howler monkey skeleton (D:7)
  11 adders
  A shadow imp (D:11)
  14 oozes
  An adder zombie (D:8)
  An adder skeleton (D:10)
  4 worms
  3 dart slugs
  8 leopard geckos
  57 orcs
  A ball python (D:2)
  3 giant cockroaches
  3 goblins
  4 hobgoblins
  10 jackals
  19 kobolds
  3 quokkas
  9 bats
  3 frilled lizards
  A leopard gecko skeleton (D:7)
  A quokka zombie (D:6)
  8 rats
  A butterfly (Lair:6)
  5 fungi
  2 plants
618 creatures vanquished.

Vanquished Creatures (collateral kills)
  A dire elephant (Lair:6)
  2 hydras
  A merfolk avatar (Lair:6)
  An ugly thing (D:11)
  A manticore (Lair:6)
  4 elephants
  A spiny frog (Lair:4)
  A rime drake (Lair:6)
  A komodo dragon (Lair:6)
  A queen bee (shapeshifter) (D:12)
  2 polar bears (Lair:6)
  A hornet (Lair:6)
  A troll (D:11)
  5 blink frogs
  2 dream sheep (Lair:6)
  A hippogriff (Lair:6)
  7 yaks
  An ice beast (D:11)
  4 orc warriors
  A sky beast (D:10)
  A wolf (D:10)
  A crocodile (Lair:6)
  3 killer bees (Lair:1)
  A howler monkey (D:10)
  3 hounds (D:10)
  An orc priest (D:10)
  6 orcs (D:10)
  A fungus (Lair:5)
56 creatures vanquished.

Vanquished Creatures (others)
  11 fungi
  14 plants
  10 toadstools (D:3)
35 creatures vanquished.

Grand Total: 709 creatures vanquished

Notes
Turn   | Place    | Note
-------+----------+-------------------------------------------
     0 | D:1      | mortelune the Deep Dwarf Fighter began the quest for the Orb.
     0 | D:1      | Reached XP level 1. HP: 20/20 MP: 1/1
   733 | D:2      | Noticed a centaur
   742 | D:2      | Killed a centaur
   742 | D:2      | Reached skill level 3 in Axes
   742 | D:2      | Reached XP level 2. HP: 11/28 MP: 2/2
   742 | D:2      | Reached XP level 3. HP: 13/34 MP: 3/3
   742 | D:2      | Reached XP level 4. HP: 16/42 MP: 4/4
  1782 | D:3      | Noticed Sigmund
  1954 | D:3      | Reached XP level 5. HP: 46/50 MP: 5/5
  2143 | D:3      | Reached skill level 4 in Axes
  2502 | D:3      | Reached skill level 5 in Armour
  2502 | D:3      | Reached XP level 6. HP: 40/57 MP: 6/6
  2912 | D:4      | Reached skill level 5 in Axes
  3049 | D:4      | Found a staircase to the Ecumenical Temple.
  3056 | Temple   | Entered the Ecumenical Temple
  3095 | Temple   | Became a worshipper of Makhleb the Destroyer
  3178 | D:4      | Reached XP level 7. HP: 15/66 MP: 7/7
  3260 | D:4      | Found a sparkling altar of Nemelex Xobeh.
  3304 | D:4      | Noticed an enchanted hand axe
  3305 | D:4      | Noticed an enchanted hand axe
  3308 | D:4      | Found a hide-covered altar of Uskayaw.
  3325 | D:4      | Noticed Blork the orc
  3334 | D:4      | Reached skill level 5 in Fighting
  3339 | D:4      | Killed Blork the orc
  3687 | D:5      | Entered Level 5 of the Dungeon
  3710 | D:5      | Reached skill level 6 in Axes
  3903 | D:5      | Found a shimmering altar of Xom.
  4030 | D:5      | Reached XP level 8. HP: 37/75 MP: 7/7
  4170 | D:5      | Reached * piety under Makhleb
  4200 | D:5      | Reached skill level 7 in Axes
  4765 | D:6      | Reached skill level 8 in Axes
  5104 | D:6      | Noticed Edmund
  5116 | D:6      | Killed Edmund
  5116 | D:6      | Gained mutation: You passively map the area around you. [Deep Dwarf growth]
  5116 | D:6      | Reached XP level 9. HP: 39/85 MP: 8/8
  5143 | D:6      | Found a burning altar of Makhleb.
  5222 | D:6      | Reached skill level 9 in Axes
  5409 | D:7      | Reached ** piety under Makhleb
  5445 | D:7      | Reached skill level 1 in Invocations
  6376 | D:8      | Noticed a two-headed ogre
  6897 | D:9      | Found Resemm's Book Shop.
  7040 | D:9      | Reached skill level 10 in Axes
  7081 | D:9      | Reached *** piety under Makhleb
  7261 | D:10     | Entered Level 10 of the Dungeon
  7316 | D:10     | You fall through a shaft for 3 floors!
  7318 | D:13     | Noticed a two-headed ogre
  7396 | D:13     | Reached XP level 10. HP: 60/94 MP: 11/11
  7470 | D:11     | Reached skill level 5 in Invocations
  7509 | D:11     | Reached skill level 11 in Axes
  7742 | D:10     | Reached **** piety under Makhleb
  7749 | D:10     | Found a roughly hewn altar of Beogh.
  7892 | D:10     | Found Daesap's Assorted Antiques.
  7916 | D:10     | Found a staircase to the Lair.
  8373 | D:11     | Noticed a cyclops
  8381 | D:11     | Killed a cyclops
  8381 | D:11     | Reached XP level 11. HP: 53/103 MP: 13/13
  8384 | D:11     | Reached skill level 12 in Axes
  8402 | D:11     | Reached skill level 10 in Armour
  8725 | D:11     | Found a viscous altar of Jiyva.
  8761 | D:11     | Noticed a green ugly thing
  8777 | D:11     | Killed a green ugly thing
  8901 | D:11     | Noticed a two-headed ogre
  8908 | D:11     | Killed a two-headed ogre
  9580 | D:9      | Reached ***** piety under Makhleb
  9732 | D:9      | Noticed a flayed ghost
  9746 | D:9      | Killed a flayed ghost
  9942 | Lair:1   | Entered Level 1 of the Lair of Beasts
  9942 | Lair:1   | Noticed Joseph
  9953 | Lair:1   | Killed Joseph
 10020 | Lair:1   | Reached skill level 13 in Axes
 10581 | Lair:1   | Reached XP level 12. HP: 65/114 MP: 12/12
 10598 | Lair:1   | Noticed Harold
 10624 | Lair:1   | Killed Harold
 10736 | Lair:1   | Got a transparent ring mail
 10747 | Lair:1   | Identified the +1 ring mail "Nimmaame" {SInv} (You found it on level 1 of the Lair of Beasts)
 10757 | Lair:1   | Upgraded the game from 0.21.0 to 0.21.0-3-g78d12a8
 11489 | Lair:1   | Reached skill level 14 in Axes
 11799 | Lair:2   | Reached skill level 10 in Invocations
 12205 | Lair:2   | Reached skill level 1 in Evocations
 12781 | D:10     | Bought a scroll of identify for 60 gold pieces
 12781 | D:10     | Bought an iron ring for 150 gold pieces
 13012 | Lair:3   | Found a staircase to the Swamp.
 13132 | Lair:3   | Reached skill level 10 in Fighting
 13239 | Lair:3   | Found a staircase to the Snake Pit.
 13478 | Lair:3   | Reached XP level 13. HP: 122/123 MP: 14/14
 13827 | Lair:3   | Reached skill level 15 in Axes
 13840 | Lair:3   | Learned a level 2 spell: Blink
 13842 | Lair:3   | Learned a level 1 spell: Apportation
 14193 | Lair:4   | Found a frozen archway.
 14205 | IceCv    | Entered an ice cave
 14341 | IceCv    | Reached ****** piety under Makhleb
 14708 | IceCv    | Reached skill level 5 in Evocations
 14836 | IceCv    | Noticed a frost giant
 14860 | IceCv    | Killed a frost giant
 14892 | IceCv    | Got crude swamp dragon scales
 14903 | IceCv    | Identified the cursed +0 swamp dragon scales "Niext" {rPois rF+ rC+} (You found it in an ice cave)
 15640 | Lair:4   | Reached skill level 16 in Axes
 15737 | Lair:4   | Learned a level 1 spell: Summon Butterflies
 16168 | Lair:5   | Found the +6 Majin-Bo {vamp, Archmagi MP+6 Int+6}
 16203 | Lair:5   | Gained mutation: You resist negative energy. (rN+) [Deep Dwarf growth]
 16203 | Lair:5   | Reached XP level 14. HP: 133/133 MP: 16/16
 16933 | Lair:6   | Entered Level 6 of the Lair of Beasts
 17072 | Lair:6   | Found a staircase to the Slime Pits.
 17077 | Lair:6   | Found a viscous altar of Jiyva.
 18084 | Lair:6   | Identified Ocoemok's Collected Works on Black Secrets and Curses
 18332 | D:10     | Bought a sack of spiders for 600 gold pieces
 18807 | D:12     | Noticed a frost giant
 18870 | D:12     | Killed from afar by a frost giant

Skill      XL: |  1  2  3  4  5  6  7  8  9 10 11 12 13 14 |
---------------+-------------------------------------------+-----
Fighting       | 3 4 5 6 7 8 9 10 11 | 11.3
Axes           | 3 4 5 6 8 10 11 13 14 16 | 16.9
Armour         | 4 5 6 7 8 9 10 11 12 13 | 13.2
Invocations    | 4 6 9 10 12 | 12.9
Evocations     | 3 6 8 |  8.5
Shields        | |  3.5

Action                   |  1- 3 |  4- 6 |  7- 9 | 10-12 | 13-15 || total
-------------------------+-------+-------+-------+-------+-------++-------
Melee: War axe           |    40 |   293 |   378 |       |       ||   711
       Hand axe          |       |       |   143 |   382 |       ||   525
       Battleaxe         |       |       |       |   588 |   649 ||  1237
       Flail             |       |       |       |       |    36 ||    36
 Fire: Hand crossbow     |       |       |       |    27 |    43 ||    70
Throw: Stone             |       |    51 |    97 |     3 |       ||   151
Invok: Lesser Servant of |       |       |       |    12 |    13 ||    25
 Abil: Heal Wounds       |       |     2 |     7 |    10 |     7 ||    26
Evoke: Wand              |       |       |     7 |    22 |    26 ||    55
       Fan of gales      |       |       |       |       |     1 ||     1
       Sack of spiders   |       |       |       |       |     1 ||     1
  Use: Scroll            |       |     7 |     8 |     9 |    11 ||    35
       Potion            |       |       |     3 |     4 |     8 ||    15
 Stab: Distracted        |       |       |       |     5 |     2 ||     7
  Eat: Chunk             |       |     2 |    13 |    17 |    14 ||    46
       Ration            |       |     2 |       |     2 |     1 ||     5
Armor: Scale mail        |    15 |     2 |       |       |       ||    17
       Plate armour      |       |   156 |   256 |   820 |   275 ||  1507
       Fire dragon scale |       |       |       |       |   187 ||   187
Dodge: Dodged            |    16 |    57 |    53 |   349 |   285 ||   760
Block: Shield            |    33 |   149 |   201 |   130 |       ||   513
       Other             |       |       |       |    49 |    92 ||   141
       Reflection        |       |       |       |     1 |     1 ||     2
